 Dungeon Sprint DCSS version 0.30-a0-737-gf23d94013f (webtiles) character file.

Game seed: 5601522640268911090

173 sircluck the Covered (level 5, -10/51 HPs)
             Began as a Hill Orc Fighter on Feb 1, 2023.
             Mangled by an orc warrior
             ... wielding a +0 glaive
              (16 damage)
             ... in the Dungeon (Sprint IX: "|||||||||||||||||||||||||||||").
             The game lasted 00:00:18 (109 turns).

sircluck the Covered (Hill Orc Fighter)              Turns: 109, Time: 00:00:18

Health: -10/51     AC:  8    Str: 21    XL:     5   Next: 53%
Magic:  5/5        EV:  9    Int:  8    God:
Gold:   0          SH:  5    Dex: 10    Spells: 4/4 levels left

rFire   . . .      SeeInvis .    a - +0 war axe
rCold   . . .      Faith    .    c - +0 buckler
rNeg    . . .      Spirit   .    b - +0 scale mail
rPois   .          Reflect  .    (no helmet)
rElec   .          Harm     .    (no cloak)
rCorr   .          Rampage  .    (no gloves)
Will    .....      NoTele   +    (no boots) Stlth
                                 (no amulet)
HPRegen 0.28/turn                (no ring)
MPRegen 0.09/turn                (no ring)

@: no status effects
A: no striking features
a: Convert to Beogh


You were in the Dungeon.
You visited 1 branch

Inventory:

Hand Weapons
 a - a +0 war axe (weapon)
Armour
 b - a +0 scale mail (worn)
 c - a +0 buckler (worn)
Jewellery
 n - a +3 ring of intelligence
 o - a +3 ring of intelligence
Wands
 m - a wand of quicksilver (10)
Scrolls
 j - 2 scrolls of blinking
 l - 2 scrolls of amnesia
Potions
 d - a potion of might
 e - 5 potions of curing
 f - 3 potions of heal wounds
 g - a potion of haste
 h - 4 potions of magic
 i - a potion of berserk rage
 k - a potion of invisibility


   Skills:
 + Level 6.7 Fighting
 + Level 7.3 Axes
 + Level 7.7 Armour
 + Level 0.8 Dodging
 + Level 6.4 Shields


You had 4 spell levels left.
You didn't know any spells.
Your spell library was empty.

Dungeon Overview and Level Annotations

Branches:
Dungeon (1/1)

Altars:
Cheibriados
Dithmenos
Elyvilon
Fedhas
Gozag
Hepliaklqana
Kikubaaqudgha
Makhleb
Nemelex Xobeh
Okawaru
Qazlal
Ru
Sif Muna
Trog
Uskayaw
Vehumet
Wu Jian
Xom
Yredelemnul
Zin
The Shining One
Beogh
Jiyva
Lugonu


Message History

h - 4 potions of magic (gained 2);
k - a potion of invisibility
f - 3 potions of heal wounds (gained 2);
e - 5 potions of curing (gained 4)
Found a +3 ring of intelligence.
l - 2 scrolls of amnesia;
j - 2 scrolls of blinking (gained 1)
m - a wand of quicksilver (10)
Items here: )))))).
You see here a +0 helmet.
You see here a +0 cloak.
You see here a +1 chain mail.
n - a +3 ring of intelligence
o - a +3 ring of intelligence You open the door.
A hornet, a centaur, an acid dragon, a troll and 2 orcs come into view.
The hornet buzzes angrily.
The centaur shouts!
The acid dragon roars!
The orc warrior shouts!
The orc priest shouts, "Join the one true god or die!" (press Y on the ability menu to convert to Beogh)
The orc priest shouts!
The orc priest shouts, "Join the one true god or die!"
You hit the orc priest.
The orc priest is moderately wounded.
The orc priest calls down the wrath of Beogh upon you.
Beogh smites you!
The orc warrior hits you from afar with a +0 glaive!
* * * LOW HITPOINT WARNING * * *
The orc priest closely misses you. You block the orc warrior's attack.
You closely miss the orc priest.
The orc priest is moderately wounded.
The orc priest hits you with a +0 hand axe!
* * * LOW HITPOINT WARNING * * *
The orc warrior hits you from afar with a +0 glaive.
* * * LOW HITPOINT WARNING * * *
You hit the orc priest.
The orc priest shouts, "Beogh is our master!
Accept the truth or die!"
The orc priest is moderately wounded.
The orc priest shouts, "Join the one true god or die!"
The orc priest hits you with a +0 hand axe.
* * * LOW HITPOINT WARNING * * *
The orc warrior hits you from afar with a +0 glaive!
You die...

▓.▓
▓y▓
▓c▓
▓D▓
▓T▓
▓o▓
▓o▓
▓@▓
▓.▓
▓[▓
▓[▓
▓[▓
▓.▓
▓)▓
▓.▓
▓.▓


You could see a troll, a hornet, an orc warrior, an acid dragon, a centaur and
an orc priest.

Vanquished Creatures
  A centaur (D)
  A hound (D)
  A gnoll bouda (D)
  An orc wizard (D)
  An orc (D)
  An endoplasm (D)
  A hobgoblin (D)
  A quokka (D)
  A ball python (D)
  A frilled lizard (D)
10 creatures vanquished.

Notes
Turn   | Place    | Note
-------+----------+-------------------------------------------
     0 | D        | sircluck the Hill Orc Fighter began the quest for the Orb.
     0 | D        | Reached XP level 1. HP: 19/19 MP: 1/1
    29 | D        | Noticed a hound
    29 | D        | Noticed a centaur
    29 | D        | Noticed a gnoll bouda
    29 | D        | Noticed an orc wizard
    41 | D        | Killed an orc wizard
    42 | D        | Reached skill level 5 in Fighting
    42 | D        | Reached skill level 5 in Armour
    42 | D        | Reached XP level 2. HP: 20/29 MP: 2/2
    42 | D        | Reached XP level 3. HP: 24/36 MP: 3/3
    50 | D        | Reached skill level 5 in Shields
    50 | D        | Reached XP level 4. HP: 22/42 MP: 4/4
    52 | D        | Killed a centaur
    53 | D        | Reached XP level 5. HP: 28/50 MP: 5/5
    64 | D        | Found a roughly hewn altar of Beogh.
    64 | D        | Found a snail-covered altar of Cheibriados.
    64 | D        | Found a shadowy altar of Dithmenos.
    64 | D        | Found a white marble altar of Elyvilon.
    64 | D        | Found a blossoming altar of Fedhas.
    64 | D        | Found an opulent altar of Gozag.
    65 | D        | Found a hazy altar of Hepliaklqana.
    66 | D        | Found a viscous altar of Jiyva.
    67 | D        | Found an ancient bone altar of Kikubaaqudgha.
    68 | D        | Found a corrupted altar of Lugonu.
    69 | D        | Found a burning altar of Makhleb.
    70 | D        | Found a sparkling altar of Nemelex Xobeh.
    71 | D        | Found an iron altar of Okawaru.
    72 | D        | Found a stormy altar of Qazlal.
    73 | D        | Found a sacrificial altar of Ru.
    74 | D        | Found a shimmering blue altar of Sif Muna.
    75 | D        | Found a bloodstained altar of Trog.
    76 | D        | Found a hide-covered altar of Uskayaw.
    77 | D        | Found a radiant altar of Vehumet.
    78 | D        | Found an ornate altar of the Wu Jian Council.
    79 | D        | Found a shimmering altar of Xom.
    80 | D        | Found a basalt altar of Yredelemnul.
    81 | D        | Found a glowing silver altar of Zin.
    82 | D        | Found a glowing golden altar of the Shining One.
   106 | D        | Noticed a hornet
   106 | D        | Noticed a centaur
   106 | D        | Noticed an acid dragon
   106 | D        | Noticed a troll
   106 | D        | Noticed an orc warrior
   109 | D        | Mangled by an orc warrior

Illustrated notes

Levels and vault maps discovered:
D:        linesprint [early_d, line_temple, items_1, d_10, items_2, lair_1,
          lair_end, items_3, orc_1, orc_end, items_4, d_15, swamp_1, shoals_1,
          snake_1, spider_1, d_20, vaults_1, items_5, swamp_end, shoals_end,
          snake_end, spider_end, vaults_end, d_27, items_6, zot_1, zot_end,
          crypt_end, forest_end, elf_end, slime_end, tomb_end, abyss_end,
          pan_hell_end]

Skill      XL: |  1  2  3  4  5 |
---------------+----------------+-----
Armour         | 5 7 |  7.7
Fighting       | 5 6 |  6.7
Axes           | 4 6 7 |  7.3
Shields        | 4 5 6 |  6.4
Dodging        | |  0.8

Action                     |  1- 3 |  4- 6 || total
---------------------------+-------+-------++-------
  Melee: War axe           |    31 |    10 ||    41
 Armour: Scale mail        |    14 |     4 ||    18
  Dodge: Dodged            |    14 |     6 ||    20
  Block: Buckler           |     7 |     2 ||     9

Table legend: (Time is in decaauts)
 A = Elapsed time spent in this place.
 B = Non-inter-level travel time spent in this place.
 C = Inter-level travel time spent in this place.
 D = Time resting spent in this place.
 E = Time spent auto-exploring this place.
 F = Levels seen in this place.
 G = Mean time per level.
                   A        B        C        D        E       F      G
               +--------+--------+--------+--------+--------+-----+--------+
         Total |    123 |    123 |      0 |      0 |      0 |   1 |  123.0 |
       Dungeon |    123 |    123 |      0 |      0 |      0 |   1 |  123.0 |
               +--------+--------+--------+--------+--------+-----+--------+

Top non-repeatable levels by time:
       D: 123 daAuts
